 Dungeon Crawl Stone Soup version 0.28.0-47-ge53b351184 (webtiles) character file.

Game seed: 9753494694414107405

43 klau3 the Insei (level 3, -1/28 HPs)
             Began as a Draconian Transmuter on May 9, 2022.
             Succumbed to an adder's poison
             ... on level 3 of the Dungeon.
             The game lasted 00:06:41 (1930 turns).

klau3 the Insei (Draconian Transmuter)              Turns: 1930, Time: 00:06:42

Health: -1/28      AC:  5    Str: 12    XL:     3   Next: 37%
Magic:  5/6        EV:  9    Int: 13    God:
Gold:   76         SH:  0    Dex: 13    Spells: 5/6 levels left

rFire   . . .      SeeInvis .   h - +0 halberd
rCold   . . .      Faith    .   (shield currently unavailable)
rNeg    . . .      Spirit   .   (armour unavailable)
rPois   .          Reflect  .   (helmet currently unavailable)
rElec   .          Harm     .   (no cloak)
rCorr   .          Rampage  .   (no gloves)
Will    .....                   (boots currently unavailable)
Stlth   +.........              (no amulet)
HPRegen 0.09/turn               (no ring)
MPRegen 0.10/turn               (no ring)

@: lethally poisoned (-1 -> -8), appendages (expiring), constricted
A: horns 2, talons 2, AC +5, unfitting armour, cold-blooded
a: End Transformation


You were on level 3 of the Dungeon.
You had temporarily grown beastly horns and talons.
You visited 1 branch of the dungeon, and saw 3 of its levels.

You collected 76 gold pieces.

Inventory:

Hand Weapons
 f - a +0 flail
 h - a +0 halberd (weapon)
Armour
 e - a +0 leather armour
 g - a +0 robe
Scrolls
 b - 2 scrolls of fog {unknown}
 d - 3 scrolls of teleportation {unknown}
 j - a scroll of identify {unknown}
 k - a scroll of enchant weapon {unknown}
Potions
 a - 2 potions of curing {unknown}
 c - a potion of might {unknown}
 i - a potion of magic {unknown}


   Skills:
 + Level 1.2 Fighting
 + Level 0.5 Polearms
 + Level 2.0 Dodging
 + Level 3.5 Unarmed Combat
 + Level 2.3 Spellcasting
 + Level 2.4 Transmutations


You had 5 spell levels left.
You knew the following spells:

 Your Spells              Type           Power      Damage    Failure   Level
a - Beastly Appendage     Tmut           16%        N/A       9%          1

Your spell library contained the following spells:

 Spells                   Type           Power      Damage    Failure   Level
 Wereblood                Tmut           8%         N/A       14%         2
 Spider Form              Tmut/Pois      4%         N/A       41%         3
 Ice Form                 Ice/Tmut       4%         N/A       82%         4


Dungeon Overview and Level Annotations

Branches:
Dungeon (3/15)

Altars:


Innate Abilities, Weirdness & Mutations

You have temporarily grown beastly horns and talons.
Your plain brown scales are hard. (AC +5)
You cannot fit into any form of body armour.
You are cold-blooded and may be slowed by cold attacks.


Message History

Found a hunting sling.
A quokka and a ball python come into view.
An adder and a frilled lizard come into view.
The adder hisses angrily.
The frilled lizard hisses angrily.
The quokka bites you but does no damage.
Found 11 gold pieces.
The quokka bites you.
Casting: Beastly Appendage (safe; 9% risk of failure)
Press: ? - help, Q - select action Dir - look around, f - activate You grow a pair of large bovine horns.
Your feet morph into talons.
The quokka barely misses you.
You closely miss the quokka. Your kick misses the quokka.
Your headbutt misses the quokka. The quokka barely misses you.
The adder misses you. The quokka misses you.
You closely miss the quokka.
Your transformation is almost over.
The adder bites you but does no damage. The quokka bites you.
The adder bites you.
You are poisoned.
The adder poisons you! The quokka bites you.
You hit the quokka but do no damage. You claw the quokka, but do no damage.
You feel sick. The ball python closely misses you. The ball python grabs you.
The ball python constricts you. The adder bites you but does no damage.
The quokka bites you.
The ball python bites you but does no damage.
The ball python constricts you. The adder bites you.
You are more poisoned.
The adder poisons you!
You miss the quokka. You claw the quokka.
The quokka is severely wounded.
You feel very sick. The quokka barely misses you. The ball python bites you.
The ball python constricts you. The adder bites you.
* * * LOW HITPOINT WARNING * * *
The quokka bites you but does no damage.
The ball python completely misses you. The ball python constricts you.
* * * LOW HITPOINT WARNING * * *
The adder bites you.
* * * LOW HITPOINT WARNING * * *
You barely miss the adder.
Your tail-slap misses the adder.
You die...

###.#.......##.#
.......##.....#####....#
..........#.### ####..
........# #..# ####..
........####.######....#
........#..............#
.......l#.≈≈≈≈≈.≈≈≈≈....
$.....Sr#.≈≈≈≈≈.≈≈≈≈.#..
......S@..≈≈≈≈≈.≈≈≈≈..†.
#.....##..≈≈≈≈≈.≈≈≈≈...#
##### #........≈≈≈≈.#)#
#..≈≈≈≈.......#.#
...≈≈≈≈.≈≈≈≈≈.#.#
.)..≈≈≈≈.≈≈≈≈≈ #.#
#...≈≈≈≈.≈≈≈≈≈ ..#
#...≈≈≈≈.≈≈≈≈ ... .#.


You could see an adder, a quokka, a ball python and a frilled lizard.

Vanquished Creatures
  A worm (D:3)
  A dart slug (D:2)
  5 bats (D:2)
  4 endoplasms
  A giant cockroach (D:1)
  2 goblins (D:2)
  2 hobgoblins
  4 jackals (D:2)
  4 kobolds
  3 quokkas (D:2)
  A ball python (D:2)
  3 frilled lizards
  3 rats
34 creatures vanquished.

Notes
Turn   | Place    | Note
-------+----------+-------------------------------------------
     0 | D:1      | klau3 the Draconian Transmuter began the quest for the Orb.
     0 | D:1      | Reached XP level 1. HP: 16/16 MP: 3/3
   733 | D:2      | Reached XP level 2. HP: 18/23 MP: 3/5
  1331 | D:2      | Reached XP level 3. HP: 28/28 MP: 4/6
  1814 | D:3      | Found a faded altar of an unknown god.
  1930 | D:3      | Succumbed to an adder's poison

Illustrated notes

Levels and vault maps discovered:
D:1:      psy_arrival_heroes, layout_basic
D:2:      layout_rooms
D:3:      layout_rooms, worldfamousw_hep_ancestral_shrine,
          basic_ecumenical_altar, roderic_serpentine_path, minivault_14,
          chequers_decorated_corner, minmay_misc_feat_chi,
          uniq_crazy_yiuf_cottage, uniq_natasha

Skill      XL: |  1  2  3 |
---------------+----------+-----
Dodging        | 2 |  2.0
Fighting       | |  1.2
Polearms       | |  0.5
Unarmed Combat | |  3.5
Spellcasting   | |  2.3
Transmutations | |  2.4

Action                   || total
-------------------------++-------
Melee: Unarmed           ||    53
       Kick              ||    12
       Tailslap          ||     5
       Headbutt          ||     3
       Halberd           ||    53
       Punch             ||     1
 Cast: Beastly Appendage ||    16
Armor: Skin              ||    72
Dodge: Dodged            ||   161
